[Event "*** Titled Tuesday Blitz"]
[Site "Chess.com"]
[Date "2020.11.03"]
[Round "6"]
[White "Ausbildung"]
[Black "pfalcon1949"]
[Result "0-1"]
[WhiteElo "2213"]
[BlackElo "1983"]
[TimeControl "180+1"]
[EndTime "11:09:06 PST"]
[Termination "pfalcon1949 won by resignation"]

1. e4 c6 2. d4 d5 3. exd5 cxd5 4. Bd3 Nc6 5. c3 Nf6 6. Bf4 Bg4 7. Ne2 e6 8. O-O Bd6 9. f3 Bh5 10. Qe1 O-O 11. Qh4 Bg6 12. Bxg6 hxg6 13. Nd2 e5 14.
Bg3 exd4 15. Nxd4 Bc5 16. Nb3 Bb6 17. Bf2 a5 18. a4 Rc8 19. Rfe1 Qd7 20. Nxc6 Bxf2+ 21.
Qxf2 bxc6 22. Qc5 Nh5 23. Nd4 Nf4 24. Re7 Qd8 25. Rae1 Nd3 26. Qa7 Nxe1 27. Rxe1 Ra8 28.
Qc5 Qh4 29. Rd1 Rfe8 30. Qxc6 Re1+ 0-1

[Event "*** Titled Tuesday Blitz"]
[Site "Chess.com"]
[Date "2020.11.03"]
[Round "6"]
[White "TimofeevAr"]
[Black "DraG0s3L"]
[Result "1-0"]
[WhiteElo "2807"]
[BlackElo "2591"]
[TimeControl "180+1"]
[EndTime "11:09:10 PST"]
[Termination "TimofeevAr won by resignation"]

1. c4 c5 2. Nf3 Nc6 3. Nc3 Nf6 4.
g3 g6 5. Bg2 Bg7 6. O-O O-O 7. d4 cxd4 8. Nxd4 Nxd4 9. Qxd4 d6 10. Qd3 Rb8 11. Bd2 Bd7 12. Rac1 Bc6 13. e4 Nd7 14. b3 Nc5 15. Qe2 a5 16. Rfd1 Qd7 17. Be1 f5 18. exf5 Qxf5 19. Nd5 Bxd5 20. Rxd5 Qf6 21.
Bxa5 Rf7 22. Be1 Rbf8 23. b4 Ne6 24. Rcd1 Nc7 25. R5d3 Kh8 26. Bxb7 d5 27. Bxd5 Nxd5 28. cxd5 Qb6 29. a4 Qa7 30. a5 h5 31. b5 h4 32.
b6 Qa6 33. Re3 Qc8 34. a6 h3 35. b7 Qd7 36. Rb3 Rb8 37. a7 Rxb7 38. a8=Q+ Rf8 39.
Qxb7 Qf5 40. d6 Bd4 41. Rxd4 1-0

[Event "*** Titled Tuesday Blitz"]
[Site "Chess.com"]
[Date "2020.11.03"]
[Round "6"]
[White "Javylavilla"]
[Black "UB_TheQueen"]
[Result "1-0"]
[WhiteElo "2231"]
[BlackElo "2063"]
[TimeControl "180+1"]
[EndTime "11:09:10 PST"]
[Termination "Javylavilla won on time"]

1. e4 c5 2. Nf3 d6 3. d4 cxd4 4. Nxd4 Nf6 5. Nc3 g6 6. Be3 Bg7 7. f3 O-O 8. Qd2 Nc6 9. Bc4 Nd7 10. Nxc6 bxc6 11. h4 Nb6 12. Be2 Be6 13. h5 Rb8 14. Bh6 f5 15. hxg6 hxg6 16. Bxg7 Kxg7 17. Qh6+ Kf6 18. Qh4+ Kg7 19. exf5 Bxf5 20. Ne4 Rh8 21.
Qxh8+ Qxh8 22. Rxh8 Rxh8 23. Kf2 d5 24. Nc5 Bxc2 25.
Rc1 Bf5 26. g4 Bc8 27. Nb3 Rh2+ 28. Ke3 Bd7 29. Nd4 Nc4+ 30. Bxc4 dxc4 31. Rxc4 Rxb2 32. a4 c5 33. Rxc5 Bxa4 34. Rc7 a5 35. Rxe7+ Kf6 36.
Re6+ Kf7 37. Ra6 Ra2 38. Rxa5 Ra3+ 39. Kf4 1-0

[Event "*** Titled Tuesday Blitz"]
[Site "Chess.com"]
[Date "2020.11.03"]
[Round "6"]
[White "Lysiak_Poltorak"]
[Black "DonBroca"]
[Result "1-0"]
[WhiteElo "2368"]
[BlackElo "2102"]
[TimeControl "180+1"]
[EndTime "11:09:12 PST"]
[Termination "Lysiak_Poltorak won on time"]

1. d4 Nf6 2. c4 g6 3. f3 Bg7 4. e4 d6 5. Nc3 O-O 6. Nge2 c5 7. d5 e6 8. Ng3 exd5 9. cxd5 a6 10. a4 Nbd7 11. Be2 Re8 12. O-O Rb8 13. Re1 Ne5 14.
Nf1 h5 15. Ne3 Bd7 16. h3 b5 17. f4 Nc4 18. Nxc4 bxc4 19. Bxc4 Qc8 20. e5 dxe5 21.
fxe5 Nh7 22. Bf4 Rb4 23. b3 g5 24. Bh2 g4 25. h4 Kh8 26. Qd2 Bf5 27. Re3 Nf8 28.
Rae1 Ng6 29. Qf2 Qd8 30. Qxf5 Nxh4 31. Qxh5+ Kg8 32. d6 Ng6 33. Qxg6 Rxc4 34. bxc4 fxg6 35. e6 1-0

[Event "*** Titled Tuesday Blitz"]
[Site "Chess.com"]
[Date "2020.11.03"]
[Round "6"]
[White "AliKa2810"]
[Black "MaxLeto"]
[Result "1-0"]
[WhiteElo "2557"]
[BlackElo "2352"]
[TimeControl "180+1"]
[EndTime "11:09:13 PST"]
[Termination "AliKa2810 won by resignation"]

1. c4 e5 2. Nc3 Nc6 3. g3 Bc5 4. Bg2 Nf6 5. e3 O-O 6. Nge2 Re8 7. O-O e4 8. d3 exd3 9. Nf4 d6 10. Nxd3 Bb6 11. b3 Bg4 12. Qd2 Ba5 13. Bb2 Qd7 14. Nf4 Ne5 15. Qc2 Bf3 16. Ncd5 Ne4 17. b4 Bb6 18.
Bxe5 Bxg2 19. Kxg2 Rxe5 20. Rad1 Qf5 21. Qd3 Rd8 22.
f3 Ng5 23. Qxf5 Rxf5 24. Ne7+ 1-0

[Event "*** Titled Tuesday Blitz"]
[Site "Chess.com"]
[Date "2020.11.03"]
[Round "6"]
[White "vanea_03"]
[Black "kuban1991"]
[Result "0-1"]
[WhiteElo "2727"]
[BlackElo "2901"]
[TimeControl "180+1"]
[EndTime "11:09:15 PST"]
[Termination "kuban1991 won by resignation"]

1. c4 g6 2. d4 Bg7 3. Nf3 c5 4.
d5 d6 5. Nc3 Bxc3+ 6. bxc3 f5 7. Qc2 Nf6 8. Bh6 Nbd7 9. h3 Qa5 10. e3 Nb6 11. Bd3 Bd7 12. Nd2 Qa4 13. Qb2 O-O-O 14. O-O Rhg8 15. Bg5 h6 16. Bxh6 g5 17. f4 gxf4 18.
exf4 Rg3 19. Rf3 Rxf3 20. gxf3 Rh8 21. Bg5 Rxh3 22. Re1 Rh7 23. Qb1 Kc7 24. Bxf5 Rg7 25. Bxd7 Qxd7 26. Kg2 Nh7 27. Ne4 Nxc4 28. Qd3 Ne5 29.
fxe5 Nxg5 30. Nxg5 Rxg5+ 31. Kf2 Qh3 32. exd6+ exd6 33. Re7+ Kd8 34. Qe4 Rg2+ 35. Ke3 Qh6+ 36. Kd3 Qd2+ 37. Kc4 Qxa2+ 38. Kd3 Rd2+ 39. Ke3 Re2+ 0-1

[Event "*** Titled Tuesday Blitz"]
[Site "Chess.com"]
[Date "2020.11.03"]
[Round "6"]
[White "hungrycaterpillar4"]
[Black "InitiatingASC"]
[Result "1/2-1/2"]
[WhiteElo "2566"]
[BlackElo "2402"]
[TimeControl "180+1"]
[EndTime "11:09:16 PST"]
[Termination "Game drawn by agreement"]

1. e4 c5 2. Nf3 Nc6 3. d4 cxd4 4. Nxd4 Nf6 5. Nc3 e5 6. Ndb5 h6 7. Nd5 Nxd5 8. exd5 a6 9. dxc6 axb5 10. cxd7+ Bxd7 11. Be2 Qc7 12. Be3 Bc6 13. O-O b4 14. Bf3 Be7 15.
Bxc6+ bxc6 16. Qg4 g6 17. Rfe1 h5 18. Qc4 Ra5 19. c3 bxc3 20. Qxc3 O-O 21. b4 Rb5 22. a3 Ra8 23. Rac1 Rd5 24. h3 Qb7 25. Ra1 Ra6 26.
Rec1 Qb5 27. Qc4 1/2-1/2

[Event "*** Titled Tuesday Blitz"]
[Site "Chess.com"]
[Date "2020.11.03"]
[Round "6"]
[White "JoliyRoger"]
[Black "AndrewMcStone"]
[Result "1-0"]
[WhiteElo "2365"]
[BlackElo "2147"]
[TimeControl "180+1"]
[EndTime "11:09:16 PST"]
[Termination "JoliyRoger won by resignation"]

1. Nf3 Nf6 2. d4 g6 3. c4 Bg7 4.
Nc3 d6 5. e4 O-O 6. h3 e5 7. d5 a5 8. Bg5 h6 9. Be3 Nh5 10. Nh2 Nf4 11. Qd2 Qf6 12. Ng4 Qe7 13. g3 Nh5 14. Nxh6+ Kh7 15. Be2 f5 16. Bxh5 f4 17.
gxf4 Bxh6 18. Bxg6+ Kxg6 19. f5+ Kh7 20. Bxh6 Rg8 21. h4 Na6 22. Bg5 Qe8 23. O-O-O Nc5 24.
Rdg1 Qh5 25. Rg3 Bd7 26. Rhg1 a4 27. Kc2 a3 28. b3 b6 29. f3 Rab8 30. Qg2 b5 31.
Be3 Qf7 32. Rxg8 Rxg8 33. Qxg8+ Qxg8 34. Rxg8 Kxg8 35. Bxc5 dxc5 36. Nxb5 1-0

[Event "*** Titled Tuesday Blitz"]
[Site "Chess.com"]
[Date "2020.11.03"]
[Round "6"]
[White "LisikValera"]
[Black "Grandelicious"]
[Result "0-1"]
[WhiteElo "2528"]
[BlackElo "2784"]
[TimeControl "180+1"]
[EndTime "11:09:17 PST"]
[Termination "Grandelicious won by resignation"]

1. d4 d5 2. Bf4 c5 3. e3 Nc6 4. c3 cxd4 5. cxd4 Bf5 6. Nc3 e6 7. Nf3 Bb4 8. Bd3 Nge7 9. O-O Bxc3 10. bxc3 O-O 11. c4 Bxd3 12. Qxd3 dxc4 13. Qxc4 Nd5 14. Bg5 Qd7 15. Rfc1 h6 16. Bh4 Rac8 17. Bg3 Na5 18.
Qd3 Qa4 19. e4 Nb4 20. Qd2 b5 21. Bd6 Nxa2 22. Bxf8 Rxc1+ 23. Rxc1 Nb3 24. Qf4 Nbxc1 25. h4 Ne2+ 0-1

[Event "*** Titled Tuesday Blitz"]
[Site "Chess.com"]
[Date "2020.11.03"]
[Round "6"]
[White "Sergey85Rodchenkov"]
[Black "Ladislav1969"]
[Result "0-1"]
[WhiteElo "2446"]
[BlackElo "2348"]
[TimeControl "180+1"]
[EndTime "11:09:17 PST"]
[Termination "Ladislav1969 won by resignation"]

1. e4 c5 2. Nf3 e6 3. d3 d5 4. Nbd2 Nc6 5. g3 Bd6 6. Bg2 Nge7 7. O-O O-O 8. Re1 Qc7 9. b3 f6 10. Bb2 d4 11. Nc4 e5 12. Nh4 b5 13. Nxd6 Qxd6 14.
a4 Ba6 15. axb5 Bxb5 16. Bc1 a5 17. f4 a4 18. bxa4 Rxa4 19. Rb1 Nb4 20. Bd2 Ra2 21.
Bxb4 cxb4 22. Rf1 Ba4 23. Rf2 Rc8 24. Qe1 Raxc2 25. Qxb4 Qxb4 26. Rxb4 Rxf2 27. Kxf2 Rc2+ 28. Kg1 Rc1+ 29. Kf2 Bc2 30. Bf1 Rxf1+ 31. Kxf1 Bxd3+ 32. Kf2 Bxe4 33. fxe5 fxe5 34. Nf3 Bxf3 35. Kxf3 Nd5 36. Ke4 Nxb4 0-1

[Event "*** Titled Tuesday Blitz"]
[Site "Chess.com"]
[Date "2020.11.03"]
[Round "6"]
[White "CaspiIsrael"]
[Black "Tenamu"]
[Result "1-0"]
[WhiteElo "2601"]
[BlackElo "2355"]
[TimeControl "180+1"]
[EndTime "11:09:19 PST"]
[Termination "CaspiIsrael won by resignation"]

1. e4 e6 2. d4 d5 3. Nc3 Nf6 4. e5 Nfd7 5. f4 c5 6. Nf3 Nc6 7.
Be3 Qb6 8. Na4 Qa5+ 9. c3 b6 10.
Rb1 Ba6 11. Kf2 Be7 12. b3 Rc8 13. Bxa6 Qxa6 14. Qe2 Qb7 15. Rhc1 g6 16. Nb2 O-O 17. Nd3 f6 18. Kg1 fxe5 19. fxe5 c4 20. Nf4 Nd8 21. b4 b5 22. Rf1 a5 23. a3 axb4 24.
axb4 Ra8 25. Ra1 Rxa1 26. Rxa1 Qc6 27. Ra7 Rf7 28. Qa2 g5 29. Nh5 h6 30. h3 Nb6 31. Qc2 Rf5 32. Rxe7 1-0

[Event "*** Titled Tuesday Blitz"]
[Site "Chess.com"]
[Date "2020.11.03"]
[Round "6"]
[White "Tomekas1"]
[Black "Korchmar_Vasiliy"]
[Result "0-1"]
[WhiteElo "2469"]
[BlackElo "2625"]
[TimeControl "180+1"]
[EndTime "11:09:21 PST"]
[Termination "Korchmar_Vasiliy won by resignation"]

1. e4 c5 2. Nf3 d6 3. d4 cxd4 4. Nxd4 Nf6 5. Nc3 Nc6 6. Be3 e5 7. Nb3 Be7 8. f3 O-O 9. Qd2 Be6 10. g4 d5 11. exd5 Nxd5 12. Nxd5 Bxd5 13. Bg2 Bh4+ 14. Bf2 Bxf2+ 15. Qxf2 Bc4 16. Nd2 Qa5 17. c3 Ba6 18. Nb3 Qc7 19. Bf1 e4 20. Bxa6 bxa6 21. O-O-O Qf4+ 22. Qd2 e3 23. Qd6 Ne5 24. Rd4 Qxf3 25.
Qd5 Qxd5 26. Rxd5 Nxg4 27. h3 Nf2 28. Re1 Rae8 29. Nc5 f5 30. Nd7 Rf7 31. Ne5 Rxe5 32. Rxe5 Nd3+ 33. Kc2 Nxe5 34. Rxe3 0-1

[Event "*** Titled Tuesday Blitz"]
[Site "Chess.com"]
[Date "2020.11.03"]
[Round "6"]
[White "TorFredrikKaasen"]
[Black "GMHess"]
[Result "1-0"]
[WhiteElo "2712"]
[BlackElo "2855"]
[TimeControl "180+1"]
[EndTime "11:09:22 PST"]
[Termination "TorFredrikKaasen won by checkmate"]

1. d4 g6 2. c4 Bg7 3. e4 d6 4. Nc3 c5 5. Nge2 cxd4 6. Nxd4 Nf6 7. Be2 O-O 8. O-O Nc6 9. Be3 Bd7 10. Nb3 b6 11. f3 Rc8 12. Qd2 Ne5 13. Qd4 Nh5 14. Qd2 Nxc4 15. Bxc4 Rxc4 16. Rac1 Be6 17. Nd5 Bxd5 18.
exd5 Ra4 19. a3 Qd7 20. Nd4 Bxd4 21. Bxd4 Qf5 22. b3 Rxa3 23. g4 Qxd5 24. gxh5 Rxb3 25.
Rc7 Rxf3 26. Rxf3 Qxf3 27. Rxe7 Qg4+ 28. Kf1 Qxh5 29. Qf4 Rc8 30. Qxf7# 1-0

[Event "*** Titled Tuesday Blitz"]
[Site "Chess.com"]
[Date "2020.11.03"]
[Round "6"]
[White "BillieKimbah"]
[Black "XDPS"]
[Result "1-0"]
[WhiteElo "2861"]
[BlackElo "2672"]
[TimeControl "180+1"]
[EndTime "11:09:22 PST"]
[Termination "BillieKimbah won by resignation"]

1. d4 d5 2. c4 e6 3. Nc3 Nf6 4. Bg5 c6 5. e3 Nbd7 6. cxd5 exd5 7. Bd3 h6 8. Bf4 Be7 9. h3 O-O 10. Nf3 Re8 11. Qc2 Nf8 12. O-O-O a5 13. g4 a4 14.
Rdg1 b5 15. Ne5 Qb6 16. g5 hxg5 17. Bxg5 b4 18. Nxa4 Qc7 19. Qxc6 Qxc6+ 20. Nxc6 Rxa4 21. Nxe7+ Rxe7 22. Bxf6 Rc7+ 23. Kb1 Ng6 24. h4 gxf6 25. h5 Rca7 26. hxg6 fxg6 27. Rxg6+ Kf7 28. Rh7+ Ke6 29. Rhh6 Rxa2 30. Rxf6+ Ke7 31. Rb6 Ra1+ 32. Kc2 Rc7+ 33. Kb3 Bd7 34. Rh7+ Kd8 35. Rb8+ Rc8 36. Rxd7+ Ke8 37.
Rxc8+ 1-0

[Event "*** Titled Tuesday Blitz"]
[Site "Chess.com"]
[Date "2020.11.03"]
[Round "6"]
[White "JiiHart"]
[Black "KetiGrant"]
[Result "0-1"]
[WhiteElo "2079"]
[BlackElo "2299"]
[TimeControl "180+1"]
[EndTime "11:09:22 PST"]
[Termination "KetiGrant won by resignation"]

1. e4 c5 2. Nf3 Nc6 3. d4 cxd4 4. Nxd4 e5 5. Nf3 Nf6 6. Nc3 Bb4 7. Bg5 Qa5 8. Bd2 O-O 9. Bd3 d5 10. exd5 e4 11.
dxc6 exd3 12. O-O bxc6 13. cxd3 Ba6 14. Qc2 Rad8 15. a3 Bxc3 16. Qxc3 Qf5 17. Qxc6 Bxd3 18. Bb4 Bxf1 19. Bxf8 Bb5 20. Qc5 Qd3 21. Bd6 Rxd6 22.
a4 Qd1+ 23. Ne1 Qxa1 24. Qc8+ Be8 0-1

[Event "*** Titled Tuesday Blitz"]
[Site "Chess.com"]
[Date "2020.11.03"]
[Round "6"]
[White "GM_Huschenbeth"]
[Black "IMJonathanCarlstedt"]
[Result "1-0"]
[WhiteElo "2403"]
[BlackElo "2502"]
[TimeControl "180+1"]
[EndTime "11:09:23 PST"]
[Termination "GM_Huschenbeth won by resignation"]

1. e4 g6 2. d4 Bg7 3. Nc3 d6 4. f4 a6 5. a4 Nc6 6. Be3 e5 7. dxe5 dxe5 8. Qxd8+ Kxd8 9. O-O-O+ Bd7 10. Bc4 Nh6 11.
h3 Kc8 12. Nf3 Be6 13. Bxe6+ fxe6 14. Ng5 exf4 15. Bxf4 Nd4 16. Rhf1 b5 17. Be3 e5 18. Nf7 Rf8 19. Nxh6 b4 20. Nd5 Kb7 21. Nf7 a5 22. c3 Nc6 23. Ng5 bxc3 24. bxc3 Bh6 25. Ne6 Bxe3+ 26.
Nxe3 Rfe8 27. Nc5+ Kb6 28. Nd7+ Kb7 29. Nd5 Rad8 30. Nc5+ Ka7 31. Kc2 Rc8 32. Rb1 1-0

[Event "*** Titled Tuesday Blitz"]
[Site "Chess.com"]
[Date "2020.11.03"]
[Round "6"]
[White "zurzan"]
[Black "queen_iryna"]
[Result "0-1"]
[WhiteElo "2062"]
[BlackElo "2264"]
[TimeControl "180+1"]
[EndTime "11:09:23 PST"]
[Termination "queen_iryna won by checkmate"]

1. f4 d6 2. Nf3 Nd7 3. g3 e5 4. fxe5 dxe5 5. d3 Ngf6 6. Bg2 Bc5 7. e3 O-O 8. O-O e4 9. Ng5 exd3 10. cxd3 Qe7 11.
d4 Bb6 12. Nc3 c5 13. Nf3 cxd4 14. Nxd4 Nc5 15. Qc2 Bg4 16. h3 Bh5 17. Kh2 Bg6 18. Nf5 Qe5 19. e4 Rad8 20. Bf4 Qe6 21. Rae1 Nd3 22.
Nd5 Nxe1 23. Rxe1 Rxd5 24. exd5 Qxe1 25. d6 Qg1# 0-1

[Event "*** Titled Tuesday Blitz"]
[Site "Chess.com"]
[Date "2020.11.03"]
[Round "6"]
[White "ViktoriyaTarasova"]
[Black "WonderChampion"]
[Result "1-0"]
[WhiteElo "2255"]
[BlackElo "2023"]
[TimeControl "180+1"]
[EndTime "11:09:23 PST"]
[Termination "ViktoriyaTarasova won by resignation"]

1. d4 d5 2. c4 e6 3. Nc3 c6 4. Nf3 Nf6 5. Bg5 Be7 6. e3 O-O 7. Bd3 dxc4 8. Bxc4 b5 9. Bd3 h6 10. Bh4 a5 11. O-O b4 12. Na4 Bb7 13. Rc1 Nbd7 14.
e4 Nb6 15. e5 Nfd5 16. Bxe7 Qxe7 17. Nc5 Qc7 18. Bb1 a4 19. Qc2 g6 20. h4 h5 21. Ng5 Qe7 22. Nge4 Rab8 23. Nd6 Ba8 24. g3 b3 25. axb3 axb3 26. Qe4 Nf6 27. Qf3 Nfd5 28.
Nde4 Kg7 29. Kh2 Bb7 30. Qd3 Nd7 31. Nxd7 Qxd7 32. Nc5 Qc7 33. Nxe6+ 1-0

[Event "*** Titled Tuesday Blitz"]
[Site "Chess.com"]
[Date "2020.11.03"]
[Round "6"]
[White "chess4life23"]
[Black "HanSchut"]
[Result "0-1"]
[WhiteElo "2337"]
[BlackElo "2199"]
[TimeControl "180+1"]
[EndTime "11:09:23 PST"]
[Termination "HanSchut won on time"]

1. d4 Nf6 2. c4 g6 3. Nc3 d5 4.
cxd5 Nxd5 5. e4 Nxc3 6. bxc3 Bg7 7. Be3 c5 8. Qd2 Qa5 9. Rc1 cxd4 10. cxd4 Qxd2+ 11. Kxd2 O-O 12. Bb5 Rd8 13. Ne2 Nc6 14. Bxc6 bxc6 15. Rhd1 e5 16. Ke1 exd4 17. Bxd4 Be6 18.
Rd2 Bxa2 19. Rxc6 a5 20. Bxg7 Rxd2 21. Kxd2 Kxg7 22. f4 a4 23. Kc3 a3 24. f5 Bc4 25.
f6+ Kh6 26. Kxc4 a2 27. Ng3 a1=Q 0-1

[Event "*** Titled Tuesday Blitz"]
[Site "Chess.com"]
[Date "2020.11.03"]
[Round "6"]
[White "Omk124"]
[Black "Fins0905"]
[Result "0-1"]
[WhiteElo "2426"]
[BlackElo "2616"]
[TimeControl "180+1"]
[EndTime "11:09:24 PST"]
[Termination "Fins0905 won by resignation"]

1. e4 d5 2. exd5 Qxd5 3. Nc3 Qa5 4. d4 Nf6 5. Nf3 Bf5 6. Bc4 e6 7. Bd2 Bb4 8. a3 Bxc3 9. Bxc3 Qb6 10. O-O Nc6 11.
Qe2 O-O 12. Rad1 Rfd8 13. b3 Bg4 14. h3 Bh5 15. Bb2 Rab8 16. c3 Na5 17. g4 Bg6 18.
b4 Nxc4 19. Qxc4 Nd5 20. Ne5 Qd6 21. Qe2 b5 22. f4 f6 23. Nxg6 hxg6 24. Qe4 Kf7 25.
Rde1 Rh8 26. Kg2 f5 27. Qf3 Rh4 28. Re5 Rbh8 29. Rh1 fxg4 30. Qg3 Rxh3 31. Qxg4 Rxh1 32. Rg5 Ne3+ 0-1

[Event "*** Titled Tuesday Blitz"]
[Site "Chess.com"]
[Date "2020.11.03"]
[Round "6"]
[White "kreonx"]
[Black "WildTricks"]
[Result "0-1"]
[WhiteElo "2298"]
[BlackElo "2405"]
[TimeControl "180+1"]
[EndTime "11:09:24 PST"]
[Termination "WildTricks won on time"]

1. e4 c5 2. c4 g6 3. Nc3 Bg7 4. g3 Nc6 5. Bg2 d6 6. Rb1 e6 7. Nge2 Nge7 8. O-O O-O 9. a3 a5 10. Nb5 Rb8 11. d4 cxd4 12. Nbxd4 Nxd4 13. Nxd4 Bd7 14. Be3 b5 15. Nxb5 Bxb5 16. cxb5 Rxb5 17. b4 axb4 18.
Rxb4 Rxb4 19. axb4 Qb8 20. Qb1 Qb5 21. Rd1 d5 22.
Bc5 Re8 23. Bxe7 Rxe7 24. exd5 exd5 25. Rxd5 Qb6 26. Qd1 Qxb4 27. Rd8+ Bf8 28. Bf1 Re1 29. Qd3 Qb6 30. Kg2 Rb1 31. Qd7 Rb2 0-1

[Event "*** Titled Tuesday Blitz"]
[Site "Chess.com"]
[Date "2020.11.03"]
[Round "6"]
[White "BlixLT"]
[Black "keshka01"]
[Result "0-1"]
[WhiteElo "2388"]
[BlackElo "2566"]
[TimeControl "180+1"]
[EndTime "11:09:25 PST"]
[Termination "keshka01 won by resignation"]

1. Nf3 d6 2. d4 Nf6 3. Nc3 Bf5 4. Bg5 Nbd7 5. g3 h6 6. Bxf6 Nxf6 7. Bg2 c6 8. O-O Qc7 9. Re1 e5 10. e4 Bg4 11. h3 Bxf3 12. Bxf3 Be7 13. a4 a5 14. Bg2 O-O 15. Qd3 Qb6 16. Ne2 Rfd8 17. b3 Bf8 18.
Rad1 Qb4 19. f4 g6 20. f5 g5 21. h4 g4 22. Qc3 Qxc3 23. Nxc3 Nh5 24. Kf2 exd4 25.
Rxd4 Bg7 26. Rd3 Be5 27. Ne2 Re8 28. Red1 Kg7 29. Nd4 Nf6 30. c3 Re7 31. Re1 Rae8 32. Rde3 Nd7 33. Bf1 Nc5 34. Bg2 Bf6 35. Bh1 h5 36. b4 axb4 37. cxb4 Bxd4 0-1

[Event "*** Titled Tuesday Blitz"]
[Site "Chess.com"]
[Date "2020.11.03"]
[Round "6"]
[White "ShimanovAlex"]
[Black "PotapovaM"]
[Result "1-0"]
[WhiteElo "2810"]
[BlackElo "2599"]
[TimeControl "180+1"]
[EndTime "11:09:28 PST"]
[Termination "ShimanovAlex won by resignation"]

1. e4 c5 2. Nf3 d6 3. Nc3 Nf6 4. e5 dxe5 5. Nxe5 a6 6. a4 e6 7. g3 Qc7 8. Nc4 Bd7 9. Bg2 Bc6 10. O-O Bxg2 11. Kxg2 Nc6 12. a5 Be7 13. d3 Nd4 14. Ne4 O-O 15. c3 Nc6 16. Bf4 e5 17. Be3 Nd7 18. g4 Rfe8 19. f4 Rad8 20. f5 Nf6 21. Qe2 Nxe4 22. dxe4 f6 23. h4 Rd7 24. g5 Red8 25.
Nb6 Rd6 26. Nd5 Rxd5 27. exd5 Rxd5 28. Qc4 Qd7 29. Rad1 Nd4 30. cxd4 exd4 31. Bd2 Kf8 32. Rde1 Qc6 33. Kg1 Bd6 34. Qe2 Be5 35. Qh5 d3 36.
Qxh7 Rd4 37. Qh8+ Ke7 38. Rxe5+ fxe5 39. Qxg7+ Ke8 40. Qg6+ Qxg6 41. fxg6 Rxh4 42. g7 Rg4+ 43. Kh2 Rh4+ 44. Kg3 1-0

[Event "*** Titled Tuesday Blitz"]
[Site "Chess.com"]
[Date "2020.11.03"]
[Round "6"]
[White "Everyfishknows"]
[Black "Akhayan"]
[Result "1-0"]
[WhiteElo "2405"]
[BlackElo "2264"]
[TimeControl "180+1"]
[EndTime "11:09:28 PST"]
[Termination "Everyfishknows won by resignation"]

1. Nf3 Nf6 2. c4 e6 3. g3 d5 4.
Bg2 Be7 5. O-O O-O 6. b3 c5 7. Bb2 Nc6 8. e3 b6 9. Nc3 Bb7 10. cxd5 Nxd5 11. Nxd5 Qxd5 12. d4 cxd4 13. Nxd4 Qxg2+ 14. Kxg2 Nxd4+ 15. f3 Nxf3 16. Rxf3 Rad8 17. Qe2 Bb4 18.
Rd1 Rxd1 19. Qxd1 Rc8 20. Qd7 Rc2+ 21. Kh3 Bxf3 22. Qd8+ Bf8 23. Ba3 Bg2+ 24. Kh4 Rc5 25. Bxc5 bxc5 26. g4 h6 27. Kg3 Bd5 28. h4 g6 29. h5 g5 30. Qb8 a5 31. Qa7 Bd6+ 32. Kf2 f5 33. gxf5 exf5 34. Qxa5 g4 35. Qd8+ Bf8 36. Qxd5+ 1-0

[Event "*** Titled Tuesday Blitz"]
[Site "Chess.com"]
[Date "2020.11.03"]
[Round "6"]
[White "MashaFromRussia"]
[Black "Lion-Al-Messi"]
[Result "0-1"]
[WhiteElo "2354"]
[BlackElo "2559"]
[TimeControl "180+1"]
[EndTime "11:09:29 PST"]
[Termination "Lion-Al-Messi won by resignation"]

1. d4 d5 2. c4 c6 3. Nf3 Nf6 4. Nc3 dxc4 5. g3 b5 6. Bg2 e6 7. O-O Be7 8. e4 O-O 9. e5 Nd5 10. Ne4 Bb7 11. Bg5 f6 12. exf6 Nxf6 13. Qe2 Nxe4 14. Qxe4 Bxg5 15. Nxg5 Qxg5 16. Qxe6+ Kh8 17. Rae1 Qf6 18. Qxf6 gxf6 19. Re7 Bc8 20. Rfe1 Bd7 21. Be4 f5 22. Bf3 a5 23. h4 b4 24. h5 h6 25. g4 a4 26. g5 hxg5 27. h6 Rf6 28. Rg7 Rxh6 29. Ree7 a3 30. Rgf7 Na6 31. bxa3 c3 32.
Bd1 Be6 33. Rg7 bxa3 34. Rb7 Bxa2 35. Rge7 Bg8 0-1

[Event "*** Titled Tuesday Blitz"]
[Site "Chess.com"]
[Date "2020.11.03"]
[Round "6"]
[White "saraswathii"]
[Black "boasovietica"]
[Result "0-1"]
[WhiteElo "2377"]
[BlackElo "2542"]
[TimeControl "180+1"]
[EndTime "11:09:29 PST"]
[Termination "boasovietica won by resignation"]

1. e4 e5 2. d3 Nc6 3. Nf3 Nf6 4. g3 Bc5 5. Bg2 d6 6. O-O Bg4 7. c3 Qd7 8. b4 Bb6 9. a4 a6 10. Nbd2 h5 11. h4 Nh7 12. Nc4 Ba7 13. b5 Ne7 14. Be3 O-O 15. b6 Bb8 16. bxc7 Bxc7 17. Bb6 Rac8 18. Qb3 Be6 19. Nfd2 Bxb6 20. Qxb6 Rc6 21. Qb4 Rfc8 22. Nb6 Rxb6 23. Qxb6 Rxc3 24. d4 Rd3 25. Nf3 Bg4 26. Nh2 Rxd4 27. Nxg4 hxg4 28. Rfb1 Nc6 29. Qxb7 Rd1+ 0-1

[Event "*** Titled Tuesday Blitz"]
[Site "Chess.com"]
[Date "2020.11.03"]
[Round "6"]
[White "GalperinPlaton"]
[Black "tteshan"]
[Result "1-0"]
[WhiteElo "2862"]
[BlackElo "2363"]
[TimeControl "180+1"]
[EndTime "11:09:30 PST"]
[Termination "GalperinPlaton won on time"]

1. Nf3 c5 2. b3 Nc6 3. Bb2 d6 4.
e3 e5 5. c4 Nge7 6. Nc3 g6 7.
d4 cxd4 8. exd4 Bg7 9. dxe5 dxe5 10. Qxd8+ Kxd8 11.
O-O-O+ Kc7 12. Nb5+ Kb8 13. Ba3 Bh6+ 14. Kb2 Bf5 15. Bd6+ Kc8 16. Nxe5 Bg7 17. f4 Nxe5 18. Bxe5 Bxe5+ 19. fxe5 Nc6 20. Re1 Be6 21. Kc3 a6 22. Nd6+ Kc7 23. g3 Nxe5 24. Nxf7 Nxf7 25. Rxe6 Rhe8 26. Rxe8 Rxe8 27. Bd3 Nd6 28. c5 Nf7 29. b4 Re3 30. Kd4 Re7 31. a4 Rd7+ 32. Kc3 Ne5 33. Be4 Ng4 34. Rf1 Re7 35. Kd4 Nxh2 36. Rf4 g5 37. Rf5 h6 38. b5 axb5 39. axb5 Ng4 40.
b6+ Kd7 41. Bxb7 Ke6 42. Bc8+ Rd7+ 43. Rd5 Nf6 44. Rd6+ 1-0

[Event "*** Titled Tuesday Blitz"]
[Site "Chess.com"]
[Date "2020.11.03"]
[Round "6"]
[White "Harry_Rakkel"]
[Black "ehrenfeld"]
[Result "1-0"]
[WhiteElo "2642"]
[BlackElo "2480"]
[TimeControl "180+1"]
[EndTime "11:09:32 PST"]
[Termination "Harry_Rakkel won by resignation"]

1. d4 Nf6 2. c4 e6 3. Nc3 Bb4 4. Nf3 Bxc3+ 5. bxc3 d6 6. Qc2 Nc6 7.
e4 e5 8. h3 O-O 9. Rb1 exd4 10.
cxd4 Nxe4 11. Bd3 Nf6 12. O-O h6 13. Rb3 Re8 14. Bb2 b6 15. Nh2 Bb7 16. d5 Ne5 17. f4 Nxd3 18. Rxd3 Bc8 19. f5 Nd7 20. Rg3 f6 21. Nf3 Ne5 22. Nd4 Bd7 23. Rf4 c5 24. Ne6 Bxe6 25. fxe6 Qe7 26. h4 Kh8 27. Qf5 Rab8 28.
a4 a6 29. Rfg4 Rg8 30. Rg6 b5 31. cxb5 axb5 32. a5 b4 33. Qh5 Kh7 34. Bc1 b3 35. Bxh6 Nxg6 36. Rxg6 Rh8 37. Bxg7+ 1-0

[Event "*** Titled Tuesday Blitz"]
[Site "Chess.com"]
[Date "2020.11.03"]
[Round "6"]
[White "GoltsevDmitry2000"]
[Black "Margarita2907"]
[Result "1-0"]
[WhiteElo "2663"]
[BlackElo "2240"]
[TimeControl "180+1"]
[EndTime "11:09:33 PST"]
[Termination "GoltsevDmitry2000 won on time"]

1. e4 c5 2. Nf3 d6 3. d4 cxd4 4. Nxd4 Nf6 5. Nc3 a6 6. Be2 e5 7. Nb3 Be7 8. a4 O-O 9. O-O Nbd7 10. Be3 b6 11. Bf3 Bb7 12. Qd2 Qc7 13. Rfd1 Rfd8 14.
h3 Nf8 15. Nc1 Ne6 16. N1e2 Rd7 17. Ng3 Bf8 18. Rac1 Rad8 19. Nd5 Nxd5 20. exd5 Nc5 21. b3 Re8 22. Bg4 Rdd8 23. Nf5 Bc8 24. Ng3 Bxg4 25. hxg4 g6 26. Bxc5 Qxc5 27. Ne4 Qc7 28. Nf6+ Kh8 29. Nxe8 Rxe8 30. c4 Bg7 31. b4 e4 32. Qe3 Qd7 33. Qxb6 Qxa4 34. Qxd6 e3 35. fxe3 Qb3 36. Qf4 Be5 37. Qf3 Bb2 38. Rb1 Qc3 39.
d6 Ba3 40. d7 Rd8 41. Qxf7 Qxe3+ 42. Qf2 Qe7 43. Qd4+ Kg8 44. c5 Qe6 45. Qd5 Qxd5 46. Rxd5 1-0